AoeStats
← phteven

Arena

509753508Analyzed
4v4 RM · 6d ago on Sep 27, 2026· 37m 5s· 8 players
Game mode
Random Map
Map size
Large (8 player)
Population
200
Speed
Normal
Resources
Standard
Victory
Conquest
Starting age
Dark Age
Ending age
Imperial Age
RankedLock teamsTeams togetherTeam positionsShared explorationLock speedFull tech treeHidden civsTurbo modeCheats
Victory
Defeat
🇩🇪 Danes · Germany
1388
+13
🇩🇪 Ethiopians · Germany
1388
+13
🇺🇸 Burgundians · United States
1328
+15
🇦🇹 Malay · Austria
1305
+16
🇲🇽 Bohemians · Mexico
1352
-15
🇧🇷 Britons · Brazil
1351
-16
🇲🇽 Saracens · Mexico
1293
-13
🇭🇳 Mongols · Honduras
1283
-13
Francisco Morazán
10:22 Feudal Age
14:13 Castle Age
12:10 Double-Bit Axe
12:13 Horse Collar
15:44 Bow Saw
15:24 Loom
17:32 Wheelbarrow
21:51 Gold Mining
26:25 Gold Shaft Mining
25:41 Stone Mining
28:42 Imperial Age
26:40 Fletching
26:50 Padded Archer Armor
27:24 Ballistics
27:37 Thumb Ring
27:37 Padded Archer Armor
29:33 Stone Shaft Mining
29:24 Scale Barding Armor
29:38 Bloodlines
30:07 Bodkin Arrow
30:27 Leather Archer Armor
30:34 Husbandry
31:18 Conscription
32:03 Chemistry
31:29 Bracer
31:59 Hand Cart
33:33 Parthian Tactics
34:31 Heavy Cavalry Archer
Charro
10:31 Feudal Age
11:48 Double-Bit Axe
14:42 Castle Age
14:34 Wheelbarrow
15:42 Bow Saw
23:02 Hand Cart
23:20 Loom
23:31 Fletching
24:22 Bodkin Arrow
24:28 Scale Mail Armor
[GDL] R_Oak
10:34 Feudal Age
14:14 Castle Age
12:12 Double-Bit Axe
12:44 Horse Collar
19:41 Bow Saw
21:38 Heavy Plow
21:32 Gold Mining
22:45 Stone Mining
25:10 Gold Shaft Mining
28:56 Imperial Age
26:16 Loom
27:28 Wheelbarrow
27:07 Scale Barding Armor
28:25 Chain Barding Armor
28:16 Forging
28:21 Bloodlines
28:12 Husbandry
29:10 Hand Cart
30:24 Plate Barding Armor
30:26 Conscription
31:20 Iron Casting
30:44 Elite Mameluke
32:01 Fletching
34:41 Blast Furnace
34:50 Two-Man Saw
33:13 Light Cavalry
dionathanbh
10:25 Feudal Age
14:33 Castle Age
12:25 Double-Bit Axe
13:48 Horse Collar
17:29 Wheelbarrow
22:54 Heavy Plow
23:11 Bow Saw
24:50 Gold Mining
24:59 Crossbowman
26:01 Fletching
26:50 Ballistics
27:02 Bodkin Arrow
27:08 Padded Archer Armor
27:13 Elite Skirmisher
31:33 Imperial Age
29:20 Hand Cart
29:42 Leather Archer Armor
32:16 Yeomen
33:29 Bracer
APPM
3:13 Double-Bit Axe
9:25 Feudal Age
8:18 Horse Collar
10:21 Bow Saw
10:14 Heavy Plow
12:25 Gold Mining
16:48 Castle Age
16:00 Gold Shaft Mining
20:40 Stone Mining
22:36 Wheelbarrow
23:02 Stone Shaft Mining
24:21 Loom
27:29 Imperial Age
26:27 Scale Barding Armor
27:29 Husbandry
26:53 Cavalier
28:36 Chain Barding Armor
28:23 Paladin
31:26 Conscription
31:55 Hand Cart
32:21 Plate Barding Armor
32:33 Squires
32:45 Forging
35:47 Chemistry
35:08 Ballistics
35:02 Spies/Treason
37:04 Iron Casting
36:49 Flemish Revolution
37:28 Burgundian Vineyards
phteven
10:59 Feudal Age
11:54 Double-Bit Axe
14:34 Castle Age
12:46 Horse Collar
16:25 Bow Saw
16:27 Heavy Plow
21:28 Wheelbarrow
22:19 Gold Mining
22:19 Stone Mining
24:30 Forging
24:20 Scale Mail Armor
24:27 Stone Mining
25:53 Gold Shaft Mining
26:08 Scale Barding Armor
26:22 Chain Mail Armor
26:43 Iron Casting
28:53 Imperial Age
27:54 Squires
27:40 Arson
27:42 Gambesons
28:38 Hand Cart
28:38 Loom
30:16 Plate Mail Armor
30:54 Blast Furnace
29:48 Elite Varangian Guard
31:25 Conscription
31:14 Hamask
31:24 Hamask
35:21 Spies/Treason
『21』〆HEMOO
10:30 Feudal Age
17:32 Castle Age
16:44 Horse Collar
16:51 Double-Bit Axe
16:57 Gold Mining
17:36 Forging
18:53 Iron Casting
29:28 Loom
36:42 Bow Saw
36:35 Heavy Plow
hiasele2
10:21 Feudal Age
14:03 Castle Age
11:54 Horse Collar
12:00 Double-Bit Axe
16:02 Bow Saw
22:04 Wheelbarrow
21:46 Gold Mining
22:15 Loom
22:19 Town Watch
26:18 Imperial Age
24:44 Ballistics
24:00 Crossbowman
25:06 Fletching
26:22 Bodkin Arrow
27:07 Bracer
27:31 Thumb Ring
27:58 Padded Archer Armor
27:57 Arbalester
29:30 Leather Archer Armor
31:22 Ring Archer Armor
33:48 Chemistry
33:16 Conscription
33:40 Elite Skirmisher
34:37 Torsion Engines
35:58 Hand Cart
35:50 Siege Engineers
35:27 Spies/Treason
Connection lost

Rejoining the realm…

Still unreachable

The connection could not be restored.

Session expired

The server has moved on; the page needs a fresh start.